Devils vs Americans

Created - Sunday, December 13, 2015 at 02:47

Goals
1 2 3 T
Devils 0 0 0 0
Americans 1 0 0 1
Shots
1 2 3 T
Devils 8 4 5 17
Americans 12 20 8 40

1st period

1. Americans , Marc-Andre Cliche 3 (Grant Clitsome, Nick Cousins) at 0:34

Penalties :
John Ramage (ALB) for Cross-checking (Minor) at 3:10, Peter Andersson (RCH) for Fighting (Major) at 5:53, Garrett Thompson (ALB) for Fighting (Major) at 5:53, Garrett Thompson (ALB) for instigated a fight (Minor) at 5:53, Garrett Thompson (ALB) for instigated a fight (10 Minutes Misconduct) at 5:53

2nd period

No Goal

Penalties :
Tim Jackman (RCH) for Fighting (Major) at 3:32, Matthew Ford (ALB) for Fighting (Major) at 3:32, Tim Jackman (RCH) for instigated a fight (Minor) at 3:32, Tim Jackman (RCH) for instigated and being the aggresor in a fight (20 Minutes Game Misconduct) at 3:32, Scooter Vaughan (ALB) for Elbowing (Minor) at 9:18, Petri Kontiola (RCH) for Fighting (Major) at 12:47, Matthew Ford (ALB) for Fighting (Major) at 12:47, Jordan Martinook (ALB) for Roughing (Minor) at 15:44

3rd period

No Goal

Penalties :
Dylan DeMelo (RCH) for Tripping (Minor) at 5:02, Yanni Gourde (ALB) for Tripping (Minor) at 11:00, Jerome Samson (RCH) for Fighting (Major) at 14:02, Garrett Thompson (ALB) for Fighting (Major) at 14:02, Ruslan Fedotenko (RCH) for Fighting (Major) at 14:31, Matthew Ford (ALB) for Fighting (Major / Game Misconduct) at 14:31, Justin Hodgman (RCH) for Tripping (Minor) at 15:18, John Ramage (ALB) for Hooking (Minor) at 19:19

Goalie Stats

Anton Khudobin (ALB), 39 saves from 40 shots - (0.975), L, 1-1-1, 60:00 minutes
Jason LaBarbera (RCH), 17 saves from 17 shots - (1.000), W, 9-2-0, 60:00 minutes

Players Stats for Devils

Player Name              G  A  P  +/- PIM S  H  SB GA TA FO     MP     PP MP  PK MP  
------------------------------------------------------------------------------------
Chris Mueller            0  0  0  -1  0   2  1  1  2  1  3/3    22:30   3:54   7:20 
Colin Miller             0  0  0  -1  0   0  2  2  2  1  0/0    23:54   2:30   5:12 
Curtis Hamilton          0  0  0   0  0   1  0  0  0  0  0/0     5:55   0:07   1:10 
Darren Archibald         0  0  0   0  0   0  1  0  0  1  0/2     5:59   0:00   0:00 
Darroll Powe             0  0  0   0  0   3  2  2  1  5  1/1    17:41   3:45   0:25 
Gabriel Beaupre          0  0  0   0  0   1  2  2  0  1  0/0    26:24   1:28   6:48 
Garrett Thompson         0  0  0  -1  22  0  1  1  0  1  0/0     9:12   2:30   0:00 
Joel Hanley              0  0  0   0  0   2  1  2  0  2  0/0    27:52   2:54   5:21 
John Ramage              0  0  0   0  4   0  1  2  1  1  0/0    21:22   0:40   1:00 
Jordan Martinook         0  0  0  -1  2   1  0  4  5  1  9/16   20:41   3:06   6:07 
Justin Dowling           0  0  0  -1  0   2  2  1  1  1  2/4    22:54   2:12   4:47 
Matthew Ford             0  0  0   0  25  1  2  1  1  0  4/11   10:29   0:55   0:00 
Scooter Vaughan          0  0  0   0  2   1  4  1  0  0  0/0    18:33   1:52   2:45 
Sean Collins             0  0  0   0  0   1  0  3  3  0  0/0    15:32   3:45   0:00 
Sena Acolatse            0  0  0   0  0   0  0  0  0  1  0/0     3:55   0:00   0:00 
Tom Kuhnhackl            0  0  0   0  0   0  1  0  3  1  0/2     9:03   0:00   0:00 
Yanni Gourde             0  0  0   0  2   2  2  0  2  0  3/9    14:27   0:00   1:19 
Zach O'Brien             0  0  0   0  0   0  0  0  1  0  0/0    12:46   0:07   0:00 

Players Stats for Americans

Player Name              G  A  P  +/- PIM S  H  SB GA TA FO     MP     PP MP  PK MP  
------------------------------------------------------------------------------------
Chris Breen              0  0  0   1  0   3  2  1  0  1  0/0    18:03   0:00   3:17 
Dany Heatley             0  0  0   0  0   5  1  1  1  0  1/1    19:51   5:19   4:33 
Dylan DeMelo             0  0  0   0  2   0  1  1  2  0  0/0    21:06   4:00   1:30 
Grant Clitsome           0  1  1   1  0   8  4  1  5  0  0/0    26:22   6:33   3:17 
Jake Chelios             0  0  0   0  0   0  3  1  0  3  0/0    19:38   6:33   0:00 
Jerome Samson            0  0  0   0  5   2  1  0  1  0  0/0    13:27   0:23   0:00 
Justin Hodgman           0  0  0   0  2   2  2  0  2  1  4/12   15:18   4:34   0:00 
Kale Kessy               0  0  0   0  0   0  0  0  0  0  0/0    11:59   0:00   0:00 
Marc-Andre Cliche        1  0  1   1  0   2  0  1  4  2  0/3    16:09   0:00   4:23 
Nate Schmidt             0  0  0   0  0   2  2  1  2  2  0/0    21:16   4:00   2:40 
Nick Cousins             0  1  1   1  0   5  1  0  3  2  9/17   18:00   5:59   0:00 
Nick Drazenovic          0  0  0   0  0   3  1  0  3  1  7/8    16:33   2:32   0:29 
Nick Sorkin              0  0  0   0  0   1  0  0  1  0  1/1    13:53   0:52   2:11 
Peter Andersson          0  0  0   0  5   0  1  1  0  1  0/0    13:48   0:00   1:10 
Petri Kontiola           0  0  0   0  5   0  1  0  1  0  3/5    10:35   0:00   0:00 
Ruslan Fedotenko         0  0  0   1  5   2  3  0  0  0  1/1    17:10   5:36   0:18 
Spencer Abbott           0  0  0   0  0   3  2  0  1  0  0/0    14:14   4:34   0:00 
Tim Jackman              0  0  0   0  27  2  5  0  1  0  0/0     6:24   1:50   0:00 

3 Stars

1 - Anton Khudobin (ALB)
2 - Jason LaBarbera (RCH)
3 - Grant Clitsome (RCH)

Power Play

Devils - 0 on 3 Attempt(s) - 0.00%
Americans - 0 on 6 Attempt(s) - 0.00%

Penalty Kill

Devils - 6 on 6 Attempt(s) - 100.00% - Score 0 goal in Penalty Kill
Americans - 3 on 3 Attempt(s) - 100.00% - Score 0 goal in Penalty Kill

Team Stat

Devils - Hits : 22 - Faceoff Wins : 22 - Blocked Shots : 22 - Penalty Minutes : 57
Americans - Hits : 30 - Faceoff Wins : 26 - Blocked Shots : 8 - Penalty Minutes : 51

Official

Referees : Unknown
Linesman : Unknown

Game Notes

Peter Andersson beats up Garrett Thompson at 5:53 of 1st period
Tim Jackman and Matthew Ford fight to a draw at 3:32 of 2nd period
Tim Jackman ejected from game at 3:32 of 2nd period
Petri Kontiola beats up Matthew Ford at 12:47 of 2nd period
Colin Miller is injured at 11:51 of 3rd period (Bruised Right Arm)
Jerome Samson and Garrett Thompson fight to a draw at 14:02 of 3rd period
Ruslan Fedotenko beats up Matthew Ford at 14:31 of 3rd period
Matthew Ford ejected from game at 14:31 of 3rd period
Joel Hanley is injured at 19:59 of 3rd period (Left Hand)

Finance

Level 1 -- Attendance: 1444 (72.20%) -- Ticket Income $28,880
Level 2 -- Attendance: 731 (73.10%) -- Ticket Income $5,848
Total Attendance: 2175 (72.50%)
Total Ticket Income: $34,728
Other Income: $17,017
Total Income: $51,745

Devils

5 vs 5 Forward 
   Center                   Left Wing                Right Wing               Time % Phy DF OF 
 1 Jordan Martinook         Justin Dowling           Chris Mueller            35     1   2  2  
 2 Matthew Ford             Darroll Powe             Sean Collins             30     1   2  2  
 3 Yanni Gourde             Zach O'Brien             Scooter Vaughan          22     1   2  2  
 4 Darren Archibald         Justin Dowling           Tom Kuhnhackl            13     1   2  2  

5 vs 5 Defense 
   Defense                  Defense                                           Time % Phy DF OF 
 1 Colin Miller             Garrett Thompson                                  35     1   2  2  
 2 John Ramage              Joel Hanley                                       30     1   2  2  
 3 Gabriel Beaupre          Joel Hanley                                       22     1   2  2  
 4 Colin Miller             Gabriel Beaupre                                   13     1   2  2  

PowerPlay Forward 
   Center                   Left Wing                Right Wing               Time % Phy DF OF 
 1 Chris Mueller            Justin Dowling           Jordan Martinook         60     1   2  2  
 2 Matthew Ford             Sean Collins             Darroll Powe             40     1   2  2  

PowerPlay Defense
   Defense                  Defense                                           Time % Phy DF OF 
 1 Colin Miller             Garrett Thompson                                  60     1   2  2  
 2 Joel Hanley              Gabriel Beaupre                                   40     1   2  2  

Penalty Kill 4 Players Forward 
   Center                   Wing                     Time % Phy DF OF 
 1 Jordan Martinook         Chris Mueller            60     1   2  2  
 2 Justin Dowling           Yanni Gourde             40     1   2  2  

Penalty Kill 4 Players Defense
   Defense                  Defense                  Time % Phy DF OF 
 1 Gabriel Beaupre          Colin Miller             60     1   2  2  
 2 Joel Hanley              Scooter Vaughan          40     1   2  2  

Penalty Kill - 3 Players Forward 
   Forward                                           Time % Phy DF OF 
 1 Jordan Martinook                                  60     1   2  2  
 2 Darren Archibald                                  40     1   2  2  

Penalty Kill - 3 Players Defense
   Defense                  Defense                  Time % Phy DF OF 
 1 Gabriel Beaupre          Colin Miller             60     1   2  2  
 2 John Ramage              Joel Hanley              40     1   2  2  

4 vs 4 Forward 
   Center                   Wing                     Time % Phy DF OF 
 1 Justin Dowling           Chris Mueller            60     1   2  2  
 2 Scooter Vaughan          Zach O'Brien             40     1   2  2  

4 vs 4 Defense
   Defense                  Defense                  Time % Phy DF OF 
 1 Colin Miller             Joel Hanley              60     1   2  2  
 2 Gabriel Beaupre          Garrett Thompson         40     1   2  2  

Last Minutes Offensive
   Center                   Left Wing                Right Wing               Defense                  Defense                  
   Jordan Martinook         Chris Mueller            Justin Dowling           Colin Miller             Garrett Thompson         

Last Minutes Defensive
   Center                   Left Wing                Right Wing               Defense                  Defense                  
   Jordan Martinook         Chris Mueller            Justin Dowling           Colin Miller             Garrett Thompson         

Goaltenders
Starting : Anton Khudobin           
Backup : Anthony Stolarz          

Extra Forwards
Normal : Tom Kuhnhackl, Justin Dowling, Chris Mueller - PP : Jordan Martinook, Matthew Ford - PK : Justin Dowling
Extra Defensemen
Normal : Gabriel Beaupre, John Ramage, Colin Miller - PP : Colin Miller - PK : Gabriel Beaupre, Colin Miller
Penalty Shots
Tom Kuhnhackl, Justin Dowling, Chris Mueller, Jordan Martinook, Matthew Ford

Americans

5 vs 5 Forward 
   Center                   Left Wing                Right Wing               Time % Phy DF OF 
 1 Nick Cousins             Ruslan Fedotenko         Marc-Andre Cliche        35     1   1  3  
 2 Justin Hodgman           Dany Heatley             Tim Jackman              31     1   1  3  
 3 Nick Drazenovic          Nick Sorkin              Spencer Abbott           24     1   2  2  
 4 Petri Kontiola           Kale Kessy               Jerome Samson            10     1   3  1  

5 vs 5 Defense 
   Defense                  Defense                                           Time % Phy DF OF 
 1 Grant Clitsome           Chris Breen                                       35     2   2  1  
 2 Nate Schmidt             Dylan DeMelo                                      30     1   3  1  
 3 Peter Andersson          Jake Chelios                                      25     2   3  0  
 4 Grant Clitsome           Dylan DeMelo                                      10     1   2  2  

PowerPlay Forward 
   Center                   Left Wing                Right Wing               Time % Phy DF OF 
 1 Nick Cousins             Ruslan Fedotenko         Tim Jackman              55     0   0  5  
 2 Justin Hodgman           Dany Heatley             Spencer Abbott           45     0   1  4  

PowerPlay Defense
   Defense                  Defense                                           Time % Phy DF OF 
 1 Grant Clitsome           Jake Chelios                                      55     1   1  3  
 2 Nate Schmidt             Dylan DeMelo                                      45     1   2  2  

Penalty Kill 4 Players Forward 
   Center                   Wing                     Time % Phy DF OF 
 1 Marc-Andre Cliche        Dany Heatley             60     0   4  1  
 2 Nick Drazenovic          Tim Jackman              40     2   3  0  

Penalty Kill 4 Players Defense
   Defense                  Defense                  Time % Phy DF OF 
 1 Grant Clitsome           Chris Breen              55     2   3  0  
 2 Nate Schmidt             Dylan DeMelo             45     1   4  0  

Penalty Kill - 3 Players Forward 
   Forward                                           Time % Phy DF OF 
 1 Marc-Andre Cliche                                 60     1   3  1  
 2 Nick Drazenovic                                   40     2   3  0  

Penalty Kill - 3 Players Defense
   Defense                  Defense                  Time % Phy DF OF 
 1 Grant Clitsome           Chris Breen              55     3   2  0  
 2 Nate Schmidt             Dylan DeMelo             45     2   3  0  

4 vs 4 Forward 
   Center                   Wing                     Time % Phy DF OF 
 1 Nick Cousins             Tim Jackman              55     0   0  5  
 2 Justin Hodgman           Tim Jackman              45     0   1  4  

4 vs 4 Defense
   Defense                  Defense                  Time % Phy DF OF 
 1 Grant Clitsome           Jake Chelios             55     1   1  3  
 2 Nate Schmidt             Dylan DeMelo             45     1   2  2  

Last Minutes Offensive
   Center                   Left Wing                Right Wing               Defense                  Defense                  
   Nick Cousins             Spencer Abbott           Marc-Andre Cliche        Grant Clitsome           Nate Schmidt             

Last Minutes Defensive
   Center                   Left Wing                Right Wing               Defense                  Defense                  
   Marc-Andre Cliche        Nick Drazenovic          Tim Jackman              Grant Clitsome           Nate Schmidt             

Goaltenders
Starting : Jason LaBarbera          
Backup : Petr Mrazek              

Extra Forwards
Normal : Nick Drazenovic, Nick Sorkin, Jerome Samson - PP : Nick Drazenovic, Nick Sorkin - PK : Nick Sorkin
Extra Defensemen
Normal : Nate Schmidt, Jake Chelios, Dylan DeMelo - PP : Peter Andersson - PK : Peter Andersson, Jake Chelios
Penalty Shots
Nick Cousins, Spencer Abbott, Nick Drazenovic, Ruslan Fedotenko, Dany Heatley

% Time on Ice - Devils

Lines # - Real PCT - Wanted PCT - Time Play
Normal Forward
1 - 28% - 35% - 12:06
2 - 30% - 30% - 13:11
3 - 28% - 22% - 12:12
4 - 14% - 13% - 5:59
Normal Defense
1 - 46% - 35% - 19:51
2 - 27% - 30% - 11:54
3 - 12% - 22% - 5:06
4 - 15% - 13% - 6:37
PP Forward
1 - 35% - 60% - 2:05
2 - 65% - 40% - 3:52
PP Defense
1 - 75% - 60% - 4:29
2 - 25% - 40% - 1:28
PK Forward
1 - 85% - 60% - 8:58
2 - 15% - 40% - 1:37
PK Defense
1 - 66% - 60% - 7:00
2 - 34% - 40% - 3:35
PK3 Forward
1 - 0% - 60%
2 - 0% - 40%
PK3 Defense
1 - 0% - 60%
2 - 0% - 40%
44 Forward
1 - 0% - 60%
2 - 0% - 40%
44 Defense
1 - 0% - 60%
2 - 0% - 40%
Last Minute Offensive  - 0:00
Last Minute Defensive  - 0:00
Total
Forward - 60:00
Defense - 60:00

% Time on Ice - Americans

Lines # - Real PCT - Wanted PCT - Time Play
Normal Forward
1 - 29% - 35% - 12:47
2 - 25% - 31% - 10:46
3 - 20% - 24% - 8:44
4 - 26% - 10% - 11:08
Normal Defense
1 - 34% - 35% - 14:43
2 - 32% - 30% - 13:51
3 - 30% - 25% - 13:05
4 - 4% - 10% - 1:46
PP Forward
1 - 57% - 55% - 6:00
2 - 43% - 45% - 4:35
PP Defense
1 - 62% - 55% - 6:35
2 - 38% - 45% - 4:00
PK Forward
1 - 92% - 60% - 5:28
2 - 8% - 40% - 0:29
PK Defense
1 - 55% - 55% - 3:17
2 - 45% - 45% - 2:40
PK3 Forward
1 - 0% - 60%
2 - 0% - 40%
PK3 Defense
1 - 0% - 55%
2 - 0% - 45%
44 Forward
1 - 0% - 55%
2 - 0% - 45%
44 Defense
1 - 0% - 55%
2 - 0% - 45%
Last Minute Offensive  - 0:00
Last Minute Defensive  - 0:03
Total
Forward - 60:00
Defense - 60:00

Play by Play

1st period


0:01 of 1st period - Nick Cousins wins face-off versus Jordan Martinook in neutral zone.
0:16 of 1st period - Wrist shot by Nick Cousins.
0:16 of 1st period - Deflect By Marc-Andre Cliche.
0:16 of 1st period - Shot Misses the Net.
0:16 of 1st period - Puck is out of play.
0:17 of 1st period - Nick Cousins wins face-off versus Jordan Martinook in Devils zone.
0:30 of 1st period - Snap shot by Grant Clitsome.
0:30 of 1st period - Stopped by Anton Khudobin with a rebound.
0:32 of 1st period - Slapshot by Grant Clitsome.
0:32 of 1st period - Stopped by Anton Khudobin with a rebound.
0:34 of 1st period - Snap shot by Marc-Andre Cliche.
0:34 of 1st period - Goal by Marc-Andre Cliche - Devils : 0 - Americans : 1.
0:35 of 1st period - Matthew Ford wins face-off versus Justin Hodgman in neutral zone.
0:56 of 1st period - Slapshot by Tim Jackman.
0:56 of 1st period - Stopped by Anton Khudobin with a rebound.
0:58 of 1st period - Slapshot by Nate Schmidt.
0:58 of 1st period - Stopped by Anton Khudobin without a rebound.
0:59 of 1st period - Nick Drazenovic wins face-off versus Yanni Gourde in Devils zone.
1:35 of 1st period - Yanni Gourde is hit by Peter Andersson and loses puck.
1:45 of 1st period - Off-side.
1:46 of 1st period - Petri Kontiola wins face-off versus Darren Archibald in neutral zone.
1:54 of 1st period - Slapshot by Jerome Samson.
1:54 of 1st period - Deflect By Colin Miller.
1:54 of 1st period - Shot Misses the Net.
1:54 of 1st period - Puck is out of play.
1:55 of 1st period - Petri Kontiola wins face-off versus Darren Archibald in Devils zone.
2:06 of 1st period - Snap shot by Tom Kuhnhackl.
2:06 of 1st period - Deflect By Grant Clitsome.
2:06 of 1st period - Shot Misses the Net.
2:06 of 1st period - Puck is out of play.
2:07 of 1st period - Matthew Ford wins face-off versus Justin Hodgman in Americans zone.
2:25 of 1st period - Snap shot by Sean Collins.
2:25 of 1st period - Shot Blocked by Dany Heatley.
2:27 of 1st period - Slapshot by Matthew Ford.
2:27 of 1st period - Stopped by Jason LaBarbera without a rebound.
2:28 of 1st period - Nick Cousins wins face-off versus Jordan Martinook in Americans zone.
2:39 of 1st period - Slapshot by Marc-Andre Cliche.
2:39 of 1st period - Shot Misses the Net.
3:10 of 1st period - Minor Penalty to John Ramage for Cross-checking.
3:11 of 1st period - Jordan Martinook wins face-off versus Justin Hodgman in Devils zone.
3:34 of 1st period - Jordan Martinook is hit by Dylan DeMelo and loses puck.
3:41 of 1st period - Wrist shot by Spencer Abbott.
3:41 of 1st period - Stopped by Anton Khudobin with a rebound.
3:43 of 1st period - Snap shot by Dylan DeMelo.
3:43 of 1st period - Shot Blocked by Jordan Martinook.
3:45 of 1st period - Wrist shot by Nate Schmidt.
3:45 of 1st period - Stopped by Anton Khudobin with a rebound.
3:47 of 1st period - Wrist shot by Dany Heatley.
3:47 of 1st period - Stopped by Anton Khudobin with a rebound.
4:14 of 1st period - Joel Hanley is hit by Tim Jackman and loses puck.
4:57 of 1st period - Chris Mueller is hit by Tim Jackman and loses puck.
5:10 of 1st period - Penalty to John Ramage is over, John Ramage is back on ice.
5:16 of 1st period - Grant Clitsome is hit by John Ramage and loses puck.
5:53 of 1st period - Peter Andersson beats up Garrett Thompson.
5:53 of 1st period - Penalty to Peter Andersson for Fighting.
5:53 of 1st period - Penalty to Garrett Thompson for Fighting.
5:53 of 1st period - Penalty to Garrett Thompson for instigated a fight.
5:53 of 1st period - Penalty to Garrett Thompson for instigated a fight.
5:54 of 1st period - Jordan Martinook wins face-off versus Justin Hodgman in neutral zone.
5:59 of 1st period - Snap shot by Chris Mueller.
5:59 of 1st period - Stopped by Jason LaBarbera with a rebound.
6:44 of 1st period - Chris Mueller is hit by Tim Jackman and loses puck.
6:51 of 1st period - Snap shot by Tim Jackman.
6:51 of 1st period - Shot Blocked by Gabriel Beaupre.
7:19 of 1st period - Grant Clitsome is hit by Colin Miller and loses puck.
7:26 of 1st period - Snap shot by Curtis Hamilton.
7:26 of 1st period - Stopped by Jason LaBarbera without a rebound.
7:27 of 1st period - Nick Cousins wins face-off versus Justin Dowling in Americans zone.
7:53 of 1st period - Penalty to Garrett Thompson is over, Darroll Powe is send on ice.
7:54 of 1st period - Scooter Vaughan is hit by Tim Jackman and loses puck.
8:19 of 1st period - Slapshot by Grant Clitsome.
8:19 of 1st period - Stopped by Anton Khudobin with a rebound.
8:25 of 1st period - Slapshot by Grant Clitsome.
8:25 of 1st period - Stopped by Anton Khudobin with a rebound.
8:27 of 1st period - Slapshot by Grant Clitsome.
8:27 of 1st period - Shot Blocked by John Ramage.
8:29 of 1st period - Snap shot by Grant Clitsome.
8:29 of 1st period - Shot Blocked by Colin Miller.
9:17 of 1st period - Wrist shot by Zach O'Brien.
9:17 of 1st period - Shot Misses the Net.
9:19 of 1st period - Snap shot by Yanni Gourde.
9:19 of 1st period - Stopped by Jason LaBarbera with a rebound.
9:29 of 1st period - Snap shot by Scooter Vaughan.
9:29 of 1st period - Shot Misses the Net.
9:41 of 1st period - Grant Clitsome is hit by Justin Dowling and loses puck.
9:46 of 1st period - Snap shot by Justin Dowling.
9:46 of 1st period - Stopped by Jason LaBarbera with a rebound.
9:53 of 1st period - Slapshot by Joel Hanley.
9:53 of 1st period - Stopped by Jason LaBarbera without a rebound.
9:54 of 1st period - Justin Hodgman wins face-off versus Yanni Gourde in Americans zone.
9:54 of 1st period - Justin Hodgman is hit by Yanni Gourde.
10:06 of 1st period - Zach O'Brien is hit by Justin Hodgman and loses puck.
10:11 of 1st period - Wrist shot by Tim Jackman.
10:11 of 1st period - Stopped by Anton Khudobin with a rebound.
10:13 of 1st period - Slapshot by Jake Chelios.
10:13 of 1st period - Shot Blocked by Scooter Vaughan.
10:37 of 1st period - Zach O'Brien is hit by Jake Chelios and loses puck.
11:03 of 1st period - Justin Dowling is hit by Nate Schmidt and loses puck.
11:45 of 1st period - Tim Jackman is hit by Scooter Vaughan and loses puck.
12:56 of 1st period - Dylan DeMelo is hit by Matthew Ford and loses puck.
13:57 of 1st period - Colin Miller is hit by Spencer Abbott and loses puck.
14:39 of 1st period - Marc-Andre Cliche is hit by Matthew Ford and loses puck.
15:16 of 1st period - Snap shot by Yanni Gourde.
15:16 of 1st period - Shot Misses the Net.
17:00 of 1st period - Spencer Abbott is hit by Gabriel Beaupre and loses puck.
17:08 of 1st period - Icing by Nick Drazenovic.
17:09 of 1st period - Nick Drazenovic wins face-off versus Matthew Ford in Americans zone.
17:55 of 1st period - Slapshot by Yanni Gourde.
17:55 of 1st period - Stopped by Jason LaBarbera without a rebound.
17:56 of 1st period - Yanni Gourde wins face-off versus Justin Hodgman in Americans zone.
18:01 of 1st period - Snap shot by Yanni Gourde.
18:01 of 1st period - Shot Misses the Net.
18:07 of 1st period - Slapshot by Scooter Vaughan.
18:07 of 1st period - Stopped by Jason LaBarbera with a rebound.
18:55 of 1st period - Icing by Nick Drazenovic.
18:56 of 1st period - Nick Drazenovic wins face-off versus Jordan Martinook in Americans zone.
19:44 of 1st period - Gabriel Beaupre is hit by Ruslan Fedotenko and loses puck.
19:51 of 1st period - Snap shot by Nick Cousins.
19:51 of 1st period - Stopped by Anton Khudobin with a rebound.
19:53 of 1st period - Snap shot by Nick Cousins.
19:53 of 1st period - Shot Misses the Net.
Goals for this period are 0 for Devils vs 1 for Americans.
Shots for this period are 8 for Devils vs 12 for Americans.

2nd period


0:01 of 2nd period - Chris Mueller wins face-off versus Nick Cousins in neutral zone.
0:53 of 2nd period - 10 Minutes Misconduct Penalty to Garrett Thompson is over.
1:18 of 2nd period - Snap shot by Tim Jackman.
1:18 of 2nd period - Deflect By Justin Hodgman.
1:18 of 2nd period - Stopped by Anton Khudobin with a rebound.
1:30 of 2nd period - Slapshot by Grant Clitsome.
1:30 of 2nd period - Shot Blocked by Joel Hanley.
1:32 of 2nd period - Snap shot by Nick Drazenovic.
1:32 of 2nd period - Stopped by Anton Khudobin without a rebound.
1:33 of 2nd period - Nick Drazenovic wins face-off versus Yanni Gourde in Devils zone.
2:33 of 2nd period - Chris Breen is hit by Chris Mueller and loses puck.
2:50 of 2nd period - Wrist shot by Jordan Martinook.
2:50 of 2nd period - Shot Misses the Net.
3:16 of 2nd period - Wrist shot by Nick Cousins.
3:16 of 2nd period - Stopped by Anton Khudobin with a rebound.
3:18 of 2nd period - Wrist shot by Marc-Andre Cliche.
3:18 of 2nd period - Deflect By Nick Cousins.
3:18 of 2nd period - Stopped by Anton Khudobin with a rebound.
3:20 of 2nd period - Snap shot by Nick Cousins.
3:20 of 2nd period - Stopped by Anton Khudobin without a rebound.
3:21 of 2nd period - Ruslan Fedotenko wins face-off versus Matthew Ford in Devils zone.
3:30 of 2nd period - Snap shot by Nick Cousins.
3:30 of 2nd period - Deflect By Marc-Andre Cliche.
3:30 of 2nd period - Shot Misses the Net.
3:30 of 2nd period - Puck is out of play.
3:31 of 2nd period - Matthew Ford wins face-off versus Justin Hodgman in Devils zone.
3:31 of 2nd period - Matthew Ford is hit by Tim Jackman.
3:32 of 2nd period - Tim Jackman and Matthew Ford fight to a draw.
3:32 of 2nd period - Penalty to Tim Jackman for Fighting.
3:32 of 2nd period - Penalty to Matthew Ford for Fighting.
3:32 of 2nd period - Penalty to Tim Jackman for instigated a fight.
3:32 of 2nd period - Penalty to Tim Jackman for instigated and being the aggresor in a fight.
3:32 of 2nd period - Tim Jackman is ejected from game.
3:33 of 2nd period - Chris Mueller wins face-off versus Marc-Andre Cliche in Devils zone.
5:06 of 2nd period - Colin Miller is hit by Grant Clitsome and loses puck.
5:32 of 2nd period - Penalty to Tim Jackman is over, Jerome Samson is send on ice.
6:06 of 2nd period - Jake Chelios is hit by Yanni Gourde and loses puck.
6:34 of 2nd period - Wrist shot by Justin Dowling.
6:34 of 2nd period - Stopped by Jason LaBarbera with a rebound.
6:36 of 2nd period - Snap shot by Justin Dowling.
6:36 of 2nd period - Shot Misses the Net.
6:38 of 2nd period - Slapshot by Tom Kuhnhackl.
6:38 of 2nd period - Shot Blocked by Peter Andersson.
7:04 of 2nd period - Snap shot by Nick Drazenovic.
7:04 of 2nd period - Deflect By Zach O'Brien.
7:04 of 2nd period - Stopped by Anton Khudobin with a rebound.
7:06 of 2nd period - Wrist shot by Dany Heatley.
7:06 of 2nd period - Stopped by Anton Khudobin with a rebound.
7:22 of 2nd period - Jordan Martinook is hit by Grant Clitsome and loses puck.
8:09 of 2nd period - Wrist shot by Darroll Powe.
8:09 of 2nd period - Stopped by Jason LaBarbera with a rebound.
8:11 of 2nd period - Slapshot by Gabriel Beaupre.
8:11 of 2nd period - Stopped by Jason LaBarbera without a rebound.
8:12 of 2nd period - Justin Hodgman wins face-off versus Tom Kuhnhackl in Americans zone.
8:27 of 2nd period - Nate Schmidt is hit by Darroll Powe.
9:18 of 2nd period - Minor Penalty to Scooter Vaughan for Elbowing.
9:19 of 2nd period - Nick Cousins wins face-off versus Jordan Martinook in Devils zone.
9:19 of 2nd period - Slapshot by Grant Clitsome.
9:19 of 2nd period - Shot Blocked by Colin Miller.
9:21 of 2nd period - Snap shot by Ruslan Fedotenko.
9:21 of 2nd period - Stopped by Anton Khudobin with a rebound.
9:23 of 2nd period - Slapshot by Jake Chelios.
9:23 of 2nd period - Shot Blocked by Chris Mueller.
10:15 of 2nd period - Slapshot by Nate Schmidt.
10:15 of 2nd period - Shot Blocked by Jordan Martinook.
10:17 of 2nd period - Snap shot by Justin Hodgman.
10:17 of 2nd period - Stopped by Anton Khudobin without a rebound.
10:18 of 2nd period - Justin Hodgman wins face-off versus Jordan Martinook in Devils zone.
10:36 of 2nd period - Off-side.
10:37 of 2nd period - Nick Sorkin wins face-off versus Jordan Martinook in neutral zone.
10:40 of 2nd period - Slapshot by Grant Clitsome.
10:40 of 2nd period - Shot Misses the Net.
10:42 of 2nd period - Slapshot by Grant Clitsome.
10:42 of 2nd period - Shot Blocked by Jordan Martinook.
11:18 of 2nd period - Penalty to Scooter Vaughan is over, Scooter Vaughan is back on ice.
11:36 of 2nd period - Slapshot by Grant Clitsome.
11:36 of 2nd period - Stopped by Anton Khudobin with a rebound.
11:38 of 2nd period - Slapshot by Chris Breen.
11:38 of 2nd period - Shot Misses the Net.
11:40 of 2nd period - Wrist shot by Chris Breen.
11:40 of 2nd period - Stopped by Anton Khudobin without a rebound.
11:41 of 2nd period - Nick Drazenovic wins face-off versus Yanni Gourde in Devils zone.
11:52 of 2nd period - Slapshot by Grant Clitsome.
11:52 of 2nd period - Shot Blocked by Garrett Thompson.
12:18 of 2nd period - John Ramage is hit by Chris Breen.
12:22 of 2nd period - Snap shot by Marc-Andre Cliche.
12:22 of 2nd period - Shot Misses the Net.
12:24 of 2nd period - Slapshot by Nick Cousins.
12:24 of 2nd period - Stopped by Anton Khudobin with a rebound.
12:26 of 2nd period - Slapshot by Jake Chelios.
12:26 of 2nd period - Shot Misses the Net.
12:28 of 2nd period - Wrist shot by Marc-Andre Cliche.
12:28 of 2nd period - Stopped by Anton Khudobin with a rebound.
12:30 of 2nd period - Wrist shot by Ruslan Fedotenko.
12:30 of 2nd period - Stopped by Anton Khudobin without a rebound.
12:31 of 2nd period - Nick Cousins wins face-off versus Matthew Ford in Devils zone.
12:47 of 2nd period - Petri Kontiola beats up Matthew Ford.
12:47 of 2nd period - Penalty to Petri Kontiola for Fighting.
12:47 of 2nd period - Penalty to Matthew Ford for Fighting.
12:48 of 2nd period - Nick Drazenovic wins face-off versus Tom Kuhnhackl in Devils zone.
12:49 of 2nd period - Slapshot by Nick Sorkin.
12:49 of 2nd period - Shot Blocked by Sean Collins.
12:51 of 2nd period - Snap shot by Nick Sorkin.
12:51 of 2nd period - Shot Blocked by Sean Collins.
13:04 of 2nd period - Slapshot by Nate Schmidt.
13:04 of 2nd period - Shot Misses the Net.
13:06 of 2nd period - Snap shot by Spencer Abbott.
13:06 of 2nd period - Stopped by Anton Khudobin with a rebound.
13:08 of 2nd period - Slapshot by Nick Drazenovic.
13:08 of 2nd period - Stopped by Anton Khudobin with a rebound.
13:10 of 2nd period - Slapshot by Nick Drazenovic.
13:10 of 2nd period - Shot Misses the Net.
13:12 of 2nd period - Slapshot by Nick Sorkin.
13:12 of 2nd period - Stopped by Anton Khudobin with a rebound.
13:14 of 2nd period - Snap shot by Nick Sorkin.
13:14 of 2nd period - Shot Misses the Net.
13:16 of 2nd period - Snap shot by Nick Sorkin.
13:16 of 2nd period - Shot Misses the Net.
13:18 of 2nd period - Wrist shot by Nick Sorkin.
13:18 of 2nd period - Shot Blocked by Gabriel Beaupre.
13:46 of 2nd period - Slapshot by Grant Clitsome.
13:46 of 2nd period - Shot Blocked by Darroll Powe.
13:48 of 2nd period - Slapshot by Chris Breen.
13:48 of 2nd period - Stopped by Anton Khudobin with a rebound.
14:31 of 2nd period - Off-side.
14:32 of 2nd period - Yanni Gourde wins face-off versus Nick Drazenovic in neutral zone.
14:35 of 2nd period - Jake Chelios is hit by Garrett Thompson and loses puck.
15:12 of 2nd period - Icing by Scooter Vaughan.
15:13 of 2nd period - Nick Cousins wins face-off versus Yanni Gourde in Devils zone.
15:44 of 2nd period - Minor Penalty to Jordan Martinook for Roughing.
15:45 of 2nd period - Justin Dowling wins face-off versus Justin Hodgman in Devils zone.
15:53 of 2nd period - Off-side.
15:54 of 2nd period - Justin Dowling wins face-off versus Justin Hodgman in neutral zone.
16:19 of 2nd period - Slapshot by Grant Clitsome.
16:19 of 2nd period - Shot Blocked by Justin Dowling.
16:21 of 2nd period - Slapshot by Jake Chelios.
16:21 of 2nd period - Shot Blocked by Joel Hanley.
16:47 of 2nd period - Gabriel Beaupre is hit by Ruslan Fedotenko and loses puck.
16:56 of 2nd period - Wrist shot by Justin Dowling.
16:56 of 2nd period - Shot Blocked by Grant Clitsome.
17:02 of 2nd period - Gabriel Beaupre is hit by Ruslan Fedotenko and loses puck.
17:44 of 2nd period - Penalty to Jordan Martinook is over, Jordan Martinook is back on ice.
17:48 of 2nd period - Jordan Martinook is hit by Nate Schmidt and loses puck.
18:02 of 2nd period - Icing by Gabriel Beaupre.
18:03 of 2nd period - Darroll Powe wins face-off versus Petri Kontiola in Devils zone.
18:08 of 2nd period - Nate Schmidt is hit by Gabriel Beaupre and loses puck.
18:17 of 2nd period - Jordan Martinook is hit by Grant Clitsome and loses puck.
18:32 of 2nd period - 10 Minutes Misconduct Penalty to Tim Jackman is over.
18:40 of 2nd period - Snap shot by Jerome Samson.
18:40 of 2nd period - Stopped by Anton Khudobin with a rebound.
19:00 of 2nd period - Slapshot by Spencer Abbott.
19:00 of 2nd period - Stopped by Anton Khudobin with a rebound.
19:29 of 2nd period - Slapshot by Joel Hanley.
19:29 of 2nd period - Stopped by Jason LaBarbera without a rebound.
19:30 of 2nd period - Dany Heatley wins face-off versus Yanni Gourde in Americans zone.
19:30 of 2nd period - Dany Heatley is hit by Scooter Vaughan.
19:50 of 2nd period - Wrist shot by Yanni Gourde.
19:50 of 2nd period - Shot Blocked by Marc-Andre Cliche.
Goals for this period are 0 for Devils vs 0 for Americans.
Shots for this period are 4 for Devils vs 20 for Americans.

3rd period


0:01 of 3rd period - Jordan Martinook wins face-off versus Nick Cousins in neutral zone.
0:04 of 3rd period - Wrist shot by John Ramage.
0:04 of 3rd period - Shot Blocked by Chris Breen.
0:51 of 3rd period - Darroll Powe is hit by Dany Heatley and loses puck.
1:16 of 3rd period - Snap shot by Dany Heatley.
1:16 of 3rd period - Stopped by Anton Khudobin with a rebound.
1:32 of 3rd period - Wrist shot by Jerome Samson.
1:32 of 3rd period - Stopped by Anton Khudobin with a rebound.
1:34 of 3rd period - Snap shot by Jerome Samson.
1:34 of 3rd period - Shot Misses the Net.
1:36 of 3rd period - Wrist shot by Kale Kessy.
1:36 of 3rd period - Shot Misses the Net.
1:44 of 3rd period - Wrist shot by Kale Kessy.
1:44 of 3rd period - Shot Misses the Net.
3:24 of 3rd period - Justin Dowling is hit by Chris Breen and loses puck.
3:59 of 3rd period - Wrist shot by Justin Dowling.
3:59 of 3rd period - Shot Blocked by Nate Schmidt.
4:05 of 3rd period - Garrett Thompson is hit by Jerome Samson and loses puck.
4:49 of 3rd period - Off-side.
4:50 of 3rd period - Matthew Ford wins face-off versus Nick Cousins in neutral zone.
4:59 of 3rd period - Snap shot by Darroll Powe.
4:59 of 3rd period - Stopped by Jason LaBarbera without a rebound.
5:00 of 3rd period - Nick Drazenovic wins face-off versus Matthew Ford in Americans zone.
5:02 of 3rd period - Minor Penalty to Dylan DeMelo for Tripping.
5:03 of 3rd period - Chris Mueller wins face-off versus Marc-Andre Cliche in Americans zone.
6:02 of 3rd period - Marc-Andre Cliche is hit by Colin Miller and loses puck.
6:19 of 3rd period - Wrist shot by Grant Clitsome.
6:19 of 3rd period - Shot Blocked by Matthew Ford.
6:21 of 3rd period - Slapshot by Chris Breen.
6:21 of 3rd period - Shot Blocked by Darroll Powe.
6:23 of 3rd period - Slapshot by Grant Clitsome.
6:23 of 3rd period - Shot Blocked by Sean Collins.
6:25 of 3rd period - Snap shot by Chris Breen.
6:25 of 3rd period - Stopped by Anton Khudobin with a rebound.
6:27 of 3rd period - Slapshot by Chris Breen.
6:27 of 3rd period - Shot Misses the Net.
6:29 of 3rd period - Wrist shot by Dany Heatley.
6:29 of 3rd period - Stopped by Anton Khudobin with a rebound.
7:02 of 3rd period - Penalty to Dylan DeMelo is over, Dylan DeMelo is back on ice.
7:37 of 3rd period - Grant Clitsome is hit by Joel Hanley.
7:38 of 3rd period - Icing by Grant Clitsome.
7:39 of 3rd period - Yanni Gourde wins face-off versus Petri Kontiola in Americans zone.
7:57 of 3rd period - Scooter Vaughan is hit by Petri Kontiola and loses puck.
8:06 of 3rd period - Peter Andersson is hit by Scooter Vaughan and loses puck.
8:45 of 3rd period - Darren Archibald is hit by Nick Drazenovic and loses puck.
8:56 of 3rd period - Chris Breen is hit by Darren Archibald and loses puck.
9:50 of 3rd period - Snap shot by Dany Heatley.
9:50 of 3rd period - Shot Misses the Net.
10:24 of 3rd period - Snap shot by Dany Heatley.
10:24 of 3rd period - Stopped by Anton Khudobin with a rebound.
11:00 of 3rd period - Minor Penalty to Yanni Gourde for Tripping.
11:01 of 3rd period - Jordan Martinook wins face-off versus Nick Cousins in Devils zone.
11:09 of 3rd period - Slapshot by Grant Clitsome.
11:09 of 3rd period - Deflect By Jordan Martinook.
11:09 of 3rd period - Stopped by Anton Khudobin without a rebound.
11:10 of 3rd period - Jordan Martinook wins face-off versus Nick Cousins in Devils zone.
11:19 of 3rd period - Slapshot by Jordan Martinook.
11:19 of 3rd period - Stopped by Jason LaBarbera with a rebound.
11:21 of 3rd period - Snap shot by Jordan Martinook.
11:21 of 3rd period - Shot Blocked by Jake Chelios.
11:29 of 3rd period - Chris Mueller is hit by Nick Cousins and loses puck.
11:40 of 3rd period - Wrist shot by Grant Clitsome.
11:40 of 3rd period - Shot Blocked by Jordan Martinook.
11:50 of 3rd period - Colin Miller is hit by Grant Clitsome and loses puck.
11:51 of 3rd period - Colin Miller from Devils is injured at 11:51 of 3rd period (Bruised Right Arm).
11:52 of 3rd period - Jordan Martinook wins face-off versus Nick Cousins in Devils zone.
12:23 of 3rd period - Slapshot by Grant Clitsome.
12:23 of 3rd period - Shot Misses the Net.
12:25 of 3rd period - Slapshot by Grant Clitsome.
12:25 of 3rd period - Stopped by Anton Khudobin with a rebound.
12:27 of 3rd period - Snap shot by Nick Drazenovic.
12:27 of 3rd period - Shot Misses the Net.
12:29 of 3rd period - Slapshot by Grant Clitsome.
12:29 of 3rd period - Stopped by Anton Khudobin with a rebound.
12:45 of 3rd period - Icing by Grant Clitsome.
12:46 of 3rd period - Justin Hodgman wins face-off versus Justin Dowling in Americans zone.
12:57 of 3rd period - Curtis Hamilton is hit by Jake Chelios and loses puck.
13:00 of 3rd period - Penalty to Yanni Gourde is over, Yanni Gourde is back on ice.
13:17 of 3rd period - Gabriel Beaupre is hit by Justin Hodgman and loses puck.
13:34 of 3rd period - Justin Dowling is hit by Spencer Abbott and loses puck.
13:53 of 3rd period - Slapshot by Garrett Thompson.
13:53 of 3rd period - Deflect By Matthew Ford.
13:53 of 3rd period - Shot Hit the Post.
13:53 of 3rd period - Puck is out of play.
13:54 of 3rd period - Petri Kontiola wins face-off versus Matthew Ford in Americans zone.
14:02 of 3rd period - Jerome Samson and Garrett Thompson fight to a draw.
14:02 of 3rd period - Penalty to Jerome Samson for Fighting.
14:02 of 3rd period - Penalty to Garrett Thompson for Fighting.
14:03 of 3rd period - Nick Cousins wins face-off versus Matthew Ford in neutral zone.
14:20 of 3rd period - Snap shot by Darroll Powe.
14:20 of 3rd period - Stopped by Jason LaBarbera without a rebound.
14:21 of 3rd period - Nick Cousins wins face-off versus Matthew Ford in Americans zone.
14:28 of 3rd period - Slapshot by Sean Collins.
14:28 of 3rd period - Stopped by Jason LaBarbera with a rebound.
14:31 of 3rd period - Ruslan Fedotenko beats up Matthew Ford.
14:31 of 3rd period - Penalty to Ruslan Fedotenko for Fighting.
14:31 of 3rd period - Penalty to Matthew Ford for Fighting.
14:31 of 3rd period - Matthew Ford is ejected from game.
14:32 of 3rd period - Jordan Martinook wins face-off versus Nick Cousins in Americans zone.
14:48 of 3rd period - Wrist shot by Chris Mueller.
14:48 of 3rd period - Shot Misses the Net.
15:18 of 3rd period - Minor Penalty to Justin Hodgman for Tripping.
15:19 of 3rd period - Jordan Martinook wins face-off versus Marc-Andre Cliche in Americans zone.
15:57 of 3rd period - Nate Schmidt is hit by Darroll Powe.
16:05 of 3rd period - Wrist shot by Sean Collins.
16:05 of 3rd period - Shot Blocked by Dylan DeMelo.
16:07 of 3rd period - Snap shot by Sean Collins.
16:07 of 3rd period - Deflect By Chris Mueller.
16:07 of 3rd period - Stopped by Jason LaBarbera with a rebound.
16:23 of 3rd period - Nate Schmidt is hit by Justin Dowling and loses puck.
17:06 of 3rd period - Marc-Andre Cliche is hit by Scooter Vaughan and loses puck.
17:18 of 3rd period - Penalty to Justin Hodgman is over, Justin Hodgman is back on ice.
18:02 of 3rd period - Wrist shot by Kale Kessy.
18:02 of 3rd period - Shot Blocked by John Ramage.
18:46 of 3rd period - Dylan DeMelo is hit by Tom Kuhnhackl and loses puck.
19:19 of 3rd period - Minor Penalty to John Ramage for Hooking.
19:20 of 3rd period - Jordan Martinook wins face-off versus Nick Cousins in Devils zone.
19:31 of 3rd period - Penalty to Matthew Ford is over, Darroll Powe is send on ice.
19:58 of 3rd period - Joel Hanley is hit by Jake Chelios and loses puck.
19:59 of 3rd period - Joel Hanley from Devils is injured at 19:59 of 3rd period (Left Hand).
Goals for this period are 0 for Devils vs 0 for Americans.
Shots for this period are 5 for Devils vs 8 for Americans.